 Dungeon Crawl Stone Soup version 0.20.1-1-g8b1a95d (webtiles) character file.

3948 equalderp2856 the Cleaver (level 10, -4/86 HPs)
             Began as a Minotaur Fighter on Aug 13, 2017.
             Slain by an unseen horror (6 damage)
             ... on level 9 of the Dungeon.
             The game lasted 00:17:01 (8820 turns).

equalderp2856 the Cleaver (Minotaur Fighter)        Turns: 8820, Time: 00:17:02

Health: -4/86      AC: 13    Str: 21    XL:     10   Next: 2%
Magic:  8/8        EV:  7    Int:  6    God:
Gold:   435        SH: 11    Dex: 12    Spells: 9/9 levels left

rFire    . . .     SeeInvis .   a - +0 war axe
rCold    . . .     Gourm    .   c - +0 shield
rNeg     . . .     Faith    .   Z - +0 plate armour
rPois    .         Spirit   .   (helmet restricted)
rElec    .         Reflect  .   (no cloak)
rCorr    .         Harm     .   (no gloves)
MR       .....                  (no boots)
Stlth    ..........             T - amulet of regeneration
Regen    0.7/turn               (no ring)
MPRegen  0.2/turn               (no ring)

@: no status effects
A: retaliatory headbutt, horns 2, blurry vision 1, low mp 1
a: no special abilities


You were on level 9 of the Dungeon.
You were hungry.

You visited 1 branch of the dungeon, and saw 9 of its levels.

You collected 435 gold pieces.

Inventory:

Hand Weapons
 a - a +0 war axe (weapon)
 u - a cursed -2 hand axe
 z - a +0 trident
 L - a cursed +0 long sword
 N - a +0 hunting sling
 U - a +3 trident of freezing
 Y - a +0 shortbow
Missiles
 n - 338 stones (quivered)
 v - 168 arrows
 w - 59 poisoned needles
 C - 36 bolts
 O - a throwing net
 X - 4 tomahawks
Armour
 b - a +0 scale mail
 c - a +0 shield (worn)
 y - a +0 robe
 I - a +2 ring mail of magic resistance
 S - a +0 chain mail
 Z - a +0 plate armour (worn)
Jewellery
 E - an uncursed ring of protection from fire {unknown}
 K - a +6 ring of protection {unknown}
 T - an amulet of regeneration (around neck)
Wands
 r - a wand of digging (12/24)
 x - a wand of flame (27/48)
 H - a wand of clouds (5/9)
 J - a wand of lightning (9/15)
 V - a wand of random effects (33/48)
Scrolls
 e - 2 scrolls of amnesia {unknown}
 g - a scroll of enchant armour {unknown}
 l - 2 scrolls of identify
 m - a scroll of teleportation {unknown}
 p - a scroll of recharging {unknown}
 q - 4 scrolls of remove curse
 s - 2 scrolls of immolation {unknown}
 t - 3 scrolls of enchant weapon {unknown}
 A - a scroll of fear {unknown}
 M - a scroll of blinking {unknown}
 P - a scroll of random uselessness {unknown}
 Q - a scroll of magic mapping {unknown}
 W - 2 scrolls of fog {unknown}
Potions
 d - a potion of might
 h - 4 potions of curing
 j - 2 potions of heal wounds {unknown}
 k - 3 potions of haste {unknown}
 o - a potion of agility {unknown}
 B - 2 potions of degeneration {unknown}
 D - 2 potions of mutation
 G - a potion of berserk rage {unknown}
 R - a potion of brilliance {unknown}
Comestibles
 f - 9 bread rations
 i - 24 fruits
 F - 3 meat rations


   Skills:
 + Level 7.1 Fighting
 + Level 11.0 Axes
 + Level 7.6 Armour
 + Level 5.0 Dodging
 + Level 1.7 Stealth
 + Level 8.3 Shields


You had 9 spell levels left.
You didn't know any spells.

Dungeon Overview and Level Annotations

Branches:
Dungeon (9/15)
 Temple: D:4-7         Lair: D:8-11         Orc: D:9-12

Altars:
Cheibriados
Dithmenos
Elyvilon
Qazlal
Sif Muna

Annotations:
D:5 Sigmund


Innate Abilities, Weirdness & Mutations

You reflexively headbutt those who attack you in melee.
You have a pair of horns on your head.
Scrolls take you a little longer to read.
Your magical capacity is low. (-10% MP)


Message History

Something hits you.
* * * LOW HITPOINT WARNING * * *
Something hits you but does no damage. Something hits you.
* * * LOW HITPOINT WARNING * * *
You slash something! You block something's attack. Something hits you.
* * * LOW HITPOINT WARNING * * *
You closely miss something. Something hits you.
* * * LOW HITPOINT WARNING * * *
Something hits you but does no damage. Something hits you.
* * * LOW HITPOINT WARNING * * *
It was a potion of mutation.
You feel extremely strange.
You feel less energetic.
Your vision blurs.
You feel frail.
You feel robust. Something hits you.
* * * LOW HITPOINT WARNING * * *
Something hits you but does no damage. Something hits you!
* * * LOW HITPOINT WARNING * * *
Okay, then.
Something hits you but does no damage. Something hits you.
You die...

###############################
......?......{@..>.............
######..########............###
#..# #..########..# #..# #..#
#..# #..# #..# #..# #..# #..#
#..# #..# #..# #..# #..# #..#
#?.# #..# #..#


There were no monsters in sight!

Vanquished Creatures
  A troll (D:9)
  A hippogriff (D:7)
  Eustachio (D:4)
  2 hungry ghosts (D:7)
  2 water moccasins
  An ice beast (D:7)
  An orc warrior (D:7)
  2 phantoms
  A sky beast (D:6)
  A necrophage (D:7)
  3 ogres
  A centaur (D:8)
  4 bullfrogs
  A wyvern skeleton (D:8)
  A water moccasin skeleton (D:8)
  3 killer bees (D:9)
  2 scorpions
  5 wights (D:8)
  3 howler monkeys
  A bullfrog zombie (D:6)
  A crimson imp (D:7)
  A centaur zombie (D:6)
  2 hounds
  2 jellies
  6 orc priests
  Jessica (D:2)
  4 iguanas
  6 orc wizards
  7 worker ants
  A hound zombie (D:7)
  3 gnolls (D:3)
  12 adders
  A shadow imp (D:5)
  An adder zombie (D:7)
  An adder skeleton (D:6)
  3 dart slugs
  2 worms
  7 leopard geckos
  38 orcs
  5 bats
  7 giant cockroaches
  8 hobgoblins
  11 jackals
  A quokka (D:4)
  A ball python skeleton (D:4)
  4 frilled lizards
  8 goblins
  A jackal skeleton (D:6)
  7 kobolds
  A leopard gecko skeleton (D:9)
  10 rats
200 creatures vanquished.

Vanquished Creatures (others)
  An orc (D:7)
1 creature vanquished.

Grand Total: 201 creatures vanquished

Notes
Turn   | Place    | Note
-------+----------+-------------------------------------------
     0 | D:1      | equalderp2856 the Minotaur Fighter began the quest for the Orb.
     0 | D:1      | Reached XP level 1. HP: 19/19 MP: 0/0
   126 | D:1      | Reached XP level 2. HP: 25/27 MP: 1/1
   380 | D:1      | Reached skill level 3 in Axes
  1096 | D:2      | Reached XP level 3. HP: 30/33 MP: 2/2
  1471 | D:2      | Found a deep blue altar of Sif Muna.
  1580 | D:2      | Reached skill level 1 in Dodging
  1692 | D:2      | Noticed Jessica
  1698 | D:2      | Killed Jessica
  1698 | D:2      | Reached skill level 4 in Axes
  1698 | D:2      | Reached XP level 4. HP: 29/40 MP: 3/3
  2129 | D:3      | Reached XP level 5. HP: 30/46 MP: 4/4
  2851 | D:3      | Reached skill level 5 in Axes
  2991 | D:4      | Found a shadowy altar of Dithmenos.
  3119 | D:4      | Noticed Eustachio
  3162 | D:4      | Killed Eustachio
  3162 | D:4      | Reached XP level 6. HP: 30/53 MP: 5/5
  3535 | D:4      | Reached skill level 5 in Armour
  3824 | D:4      | Reached skill level 6 in Axes
  3824 | D:4      | Reached skill level 5 in Shields
  3824 | D:4      | Reached XP level 7. HP: 55/60 MP: 6/6
  3921 | D:5      | Entered Level 5 of the Dungeon
  4089 | D:5      | Noticed Sigmund
  4571 | D:7      | Reached skill level 5 in Fighting
  4672 | D:7      | Reached skill level 7 in Axes
  4920 | D:7      | Noticed a hungry ghost
  4929 | D:7      | Killed a hungry ghost
  4929 | D:7      | Reached skill level 1 in Stealth
  4929 | D:7      | Reached XP level 8. HP: 62/67 MP: 7/7
  5036 | D:7      | Paralysed by fainting for 9 turns
  5076 | D:7      | Noticed a hippogriff
  5087 | D:7      | Killed a hippogriff
  5389 | D:7      | Found a shadowy altar of Dithmenos.
  5391 | D:7      | Found a stormy altar of Qazlal.
  5518 | D:7      | Reached skill level 8 in Axes
  6468 | D:6      | Reached XP level 9. HP: 64/74 MP: 8/8
  6683 | D:6      | Reached skill level 9 in Axes
  7285 | D:8      | Found a snail-covered altar of Cheibriados.
  7305 | D:8      | Found a white marble altar of Elyvilon.
  7415 | D:8      | Reached skill level 10 in Axes
  8018 | D:9      | Noticed a troll
  8236 | D:9      | Killed a troll
  8236 | D:9      | Reached skill level 5 in Dodging
  8489 | D:9      | Reached skill level 11 in Axes
  8534 | D:9      | Reached XP level 10. HP: 26/86 MP: 9/9
  8819 | D:9      | Gained mutation: Your magical capacity is low. (-10% MP) [potion of mutation]
  8819 | D:9      | Gained mutation: Scrolls take you a little longer to read. [potion of mutation]
  8819 | D:9      | Gained mutation: You are frail. (-10% HP) [potion of mutation]
  8819 | D:9      | Lost mutation: You are frail. (-10% HP) [potion of mutation]
  8819 | D:9      | HP: 1/86 [something (7)]
  8820 | D:9      | Slain by an unseen horror

Skill      XL: |  1  2  3  4  5  6  7  8  9 |
---------------+----------------------------+-----
Axes           | 3 4 5 6 7 8 11 | 11.0
Armour         | 4 5 6 7 |  7.6
Dodging        | 1 2 4 5 |  5.0
Fighting       | 4 5 6 7 |  7.1
Shields        | 4 5 7 8 |  8.3
Stealth        | 1 |  1.7

Action                   |  1- 3 |  4- 6 |  7- 9 | 10-12 || total
-------------------------+-------+-------+-------+-------++-------
Melee: War axe           |    75 |   164 |   381 |    21 ||   641
       Headbutt          |     6 |    21 |    79 |     4 ||   110
  Use: Scroll            |       |       |     2 |       ||     2
       Potion            |       |       |     1 |     1 ||     2
  Eat: Chunk             |     2 |     7 |    19 |     1 ||    29
       Fruit             |       |       |     1 |       ||     1
Armor: Scale mail        |    59 |    80 |     1 |       ||   140
       Ring mail         |       |       |    76 |       ||    76
       Chain mail        |       |       |    28 |     1 ||    29
       Plate armour      |       |       |       |    49 ||    49
Dodge: Dodged            |    32 |    66 |   134 |     3 ||   235
Block: Shield            |    55 |    87 |   206 |    13 ||   361
